 Dungeon Crawl Stone Soup version 0.23-a0-837-ga3e6480 (console) character file.

169 bli the Slasher (level 5, -1/44 HPs)
             Began as a Barachi Monk on Jan 24, 2019.
             Slain by Sigmund
             ... wielding a cursed -1 scythe
              (8 damage)
             ... on level 3 of the Dungeon.
             The game lasted 00:07:24 (2553 turns).

bli the Slasher (Barachi Monk)                      Turns: 2553, Time: 00:07:25

Health: -1/44      AC:  3    Str: 13    XL:     5   Next: 50%
Magic:  5/5        EV: 19    Int: 12    God:
Gold:   211        SH:  0    Dex: 20    Spells: 4/4 levels left

rFire    . . .     SeeInvis .   a - +2 short sword (vamp)
rCold    . . .     Gourm    .   (no shield)
rNeg     . . .     Faith    .   y - +0 robe
rPois    .         Spirit   .   (helmet restricted)
rElec    .         Reflect  .   k - +0 cloak
rCorr    .         Harm     .   (no gloves)
MR       +....                  (no boots)
Stlth    +++.......             (no amulet)
HPRegen  0.14/turn              e - ring of flight
MPRegen  0.09/turn              E - ring of protection from magic

@: agile, slow
A: +LOS, swims, antennae 1, clever 1, slowness 1, strong legs 1
a: Hop, Evoke Flight


You were on level 3 of the Dungeon.
You were not hungry.

You visited 1 branch of the dungeon, and saw 3 of its levels.

You collected 211 gold pieces.

Inventory:

Hand Weapons
 a - a +2 vampiric short sword (weapon)
 b - a +0 falchion
 v - a +0 dagger of speed
 B - a +0 hunting sling
Missiles
 i - 73 stones (quivered)
 D - 2 tomahawks
Armour
 h - a +0 ring mail
 j - a +0 leather armour
 k - a +0 cloak (worn)
 l - a +0 shield
 r - a cursed +0 ring mail
 y - a +0 robe (worn)
 z - a +0 scale mail
 A - a +0 ring mail
Jewellery
 e - a ring of flight (left hand)
 E - a ring of protection from magic (right hand)
Scrolls
 f - 2 scrolls of teleportation {unknown}
 n - a scroll of magic mapping {unknown}
 t - a scroll of remove curse {unknown}
 u - a scroll of enchant armour {unknown}
 w - a scroll of fog {unknown}
Potions
 d - 2 potions of mutation
 g - a potion of curing {unknown}
 m - a potion of heal wounds {unknown}
 o - a potion of agility
 p - a potion of cancellation {unknown}
 q - a potion of berserk rage {unknown}
 s - a potion of magic {unknown}
 x - a potion of flight {unknown}
Comestibles
 c - 4 rations
 C - 6 chunks of flesh


   Skills:
 - Level 5.0 Fighting
 * Level 0.1(3.3) Short Blades
 + Level 6.1 Long Blades
 * Level 0.7 Armour
 + Level 3.5 Dodging
 - Level 1.7 Stealth


You had 4 spell levels left.
You didn't know any spells.
Your spell library was empty.

Dungeon Overview and Level Annotations

Branches:
Dungeon (3/15)

Altars:
Ashenzari

Annotations:
D:3 Sigmund


Innate Abilities, Weirdness & Mutations

Shadows flee at your approach. (+LOS)
You can swim through water.
You cover ground slowly.
You can hop short distances.
You have a pair of small antennae on your head.
Your mind is acute. (Int +2)


Message History

Sigmund is heavily wounded.
Sigmund mumbles some strange words.
Sigmund flickers and vanishes!
Deactivating autopickup; reactivate with Ctrl-A.
You barely miss something. Something hits you!
You closely miss something. You miss something. Something hits you.
You miss something. Something hits you.
You miss something. You miss something. Something barely misses you.
You hit something. Something hits you!
* * * LOW HITPOINT WARNING * * *
It was a potion of mutation.
You feel extremely strange. A pair of antennae grows on your head!
You feel clever.
It was a potion of agility.
You feel agile all of a sudden. Something hits you.
* * * LOW HITPOINT WARNING * * *
You closely miss something. Something hits you!
You die...

###.........#.#######.#.#
#............(..........#
#.#.........#.#######.###
#.#......##...# #.#
#.#...#### .### #.#
#.....# .# #.# ####..#
#.# #..# #########.# #..#
..........# #..#
###########..# #..#
#.{@.........#
#..####.#########.##
#.......# #.# ##.######
#.# #.# ..# #.#########
### #.........#.#
###.#######.#.## #...#
#....############ #.###
#................ #.#
#....######.#.###


There were no monsters in sight!

Vanquished Creatures
  Terence (D:3)
  Natasha (thrice) (D:2)
  An adder (D:2)
  A worm (D:2)
  3 dart slugs
  An orc (D:3)
  A ball python (D:3)
  A giant cockroach (D:1)
  5 goblins
  8 hobgoblins
  6 bats
  4 frilled lizards
  A jackal zombie (D:2)
  13 kobolds
  6 rats
55 creatures vanquished.

Notes
Turn   | Place    | Note
-------+----------+-------------------------------------------
     0 | D:1      | bli the Barachi Monk began the quest for the Orb.
     0 | D:1      | Reached XP level 1. HP: 18/18 MP: 1/1
    83 | D:1      | Reached XP level 2. HP: 22/25 MP: 2/2
   122 | D:1      | Reached skill level 4 in Long Blades
   847 | D:2      | Noticed Natasha
   853 | D:2      | Killed Natasha
   853 | D:2      | Reached XP level 3. HP: 25/31 MP: 3/3
  1041 | D:2      | Reached XP level 4. HP: 27/38 MP: 4/4
  1050 | D:2      | Reached skill level 5 in Long Blades
  1096 | D:2      | Noticed Natasha
  1103 | D:2      | Killed Natasha
  1475 | D:2      | Noticed Natasha
  1486 | D:2      | Killed Natasha
  1486 | D:2      | Reached skill level 5 in Fighting
  1486 | D:2      | Reached XP level 5. HP: 25/44 MP: 5/5
  1878 | D:2      | Found a shattered altar of Ashenzari.
  2023 | D:3      | Noticed Terence
  2082 | D:3      | Killed Terence
  2082 | D:3      | Reached skill level 6 in Long Blades
  2532 | D:3      | Noticed Sigmund
  2551 | D:3      | Gained mutation: You have a pair of small antennae on your
                  | head. [potion of mutation]
  2551 | D:3      | Gained mutation: Your mind is acute. (Int +2) [potion of
                  | mutation]
  2553 | D:3      | Slain by Sigmund

Vault maps used:
D:1:      dpeg_arrival_more_subterranean_lakeside_camping
D:2:      marbit_many_paths, serial_rivers, chequers_serial_rivers_large_a,
          chequers_serial_rivers_small_b, chequers_serial_rivers_room_a,
          chequers_serial_rivers_micro_e, chequers_serial_rivers_micro_e,
          chequers_serial_rivers_marsh, uniq_natasha
D:3:      first_ration, uniq_terence, uniq_crazy_yiuf_cottage, uniq_sigmund

Skill      XL: |  1  2  3  4  5 |
---------------+----------------+-----
Fighting       | 4 5 |  5.0
Long Blades    | 4 5 6 |  6.1
Short Blades   | |  0.1
Armour         | |  0.7
Dodging        | |  3.5
Stealth        | |  1.7

Action                   |  1- 3 |  4- 6 || total
-------------------------+-------+-------++-------
Melee: Falchion          |    68 |    95 ||   163
       Short sword       |       |    20 ||    20
  Use: Potion            |       |     2 ||     2
 Stab: Sleeping          |       |     4 ||     4
  Eat: Chunk             |     1 |     5 ||     6
       Ration            |       |     2 ||     2
Armor: Robe              |    15 |    18 ||    33
Dodge: Dodged            |    48 |    85 ||   133
       Rpst.: Falchion   |    16 |    26 ||    42

Table legend:
 A = Non-vault XP
 B = Vault XP
 C = Vault XP percentage of total XP
 D = Non-vault monster count
 E = Vault monster count
 F = Vault count percentage of total count
                 A         B        C        D         E       F
            +---------+---------+-------+---------+---------+-------
      Total |     170 |      72 |  29.8 |      52 |       3 |   5.5
            +---------+---------+-------+---------+---------+-------
        D:1 |      26 |       0 |   0.0 |      17 |       0 |   0.0
        D:2 |     116 |      36 |  23.7 |      20 |       2 |   9.1
        D:3 |      28 |      36 |  56.2 |      15 |       1 |   6.2
            +---------+---------+-------+---------+---------+-------
